 Dungeon Crawl Stone Soup version 0.31-a0-968-g24f9ace8b5 (webtiles) character file.

Game seed: 8240555167362494538

40839 olourkin the Destroyer (level 14, -13/70 HPs)
             Began as a Gargoyle Earth Elementalist on Oct 7, 2023.
             Was a High Priest of Vehumet.
             Mangled by a boulder beetle (39 damage)
             ... on level 2 of the Lair of Beasts on Oct 27, 2023.
             The game lasted 02:54:09 (23694 turns).

olourkin the Destroyer (GrEE)                      Turns: 23694, Time: 02:54:10

Health: -13/70     AC: 23    Str: 14    XL:     14   Next: 12%
Magic:  15/29      EV: 12    Int: 22    God:    Vehumet [*****.]
Gold:   995        SH:  5    Dex: 16    Spells: 10/36 levels left

rFire   . . .        a - +4 whip (elec)
rCold   . . .        (no shield)
rNeg    + . .        r - +3 leather armour of Truth {+Blink +Inv Int-3 Dex+6}
rPois   ∞            n - +2 hood of the Assassin {Detect Stab+ Stlth++}
rElec   +            (no cloak)
rCorr   .            (no gloves)
SInv    .            c - +0 pair of boots
Will    +....        w - amulet of reflection
Stlth   +++++        B - +4 ring of protection
HPRegen 0.31/turn    m - +6 ring of intelligence
MPRegen 0.21/turn

%: reflection
@: on blink cooldown, flying
A: sickness immunity, AC +10, big wings, negative energy resistance 1,
electricity resistance, torment resistance 1, petrification resistance
a: Renounce Religion, Evoke Blink, Evoke Invisibility


You were on level 2 of the Lair of Beasts.
You worshipped Vehumet.
Vehumet was extremely pleased with you.
You visited 3 branches of the dungeon, and saw 18 of its levels.
You also visited: Ossuary, Bailey and Gauntlet.

You collected 1415 gold pieces.
You spent 420 gold pieces at shops.

Inventory:

Hand Weapons
 a - a +4 whip of electrocution (weapon)
 b - a +3 sling of flaming
 f - the +6 war axe "Pananenn" {pain, rF+ Str+3 Stlth+}
   (You found it on level 1 of the Lair of Beasts)

   Str+3:     It affects your strength (+3).
   rF+:       It protects you from fire.
   Stlth+:    It makes you more stealthy.
 Z - the +1 rapier of the Water Diviner {heavy, Will+ Str+2 Int+3}
   (You found it on level 1 of the Lair of Beasts)

   Str+2:     It affects your strength (+2).
   Int+3:     It affects your intelligence (+3).
   Will+:     It increases your willpower.
Missiles
 d - 158 stones (quivered)
 R - 18 poisoned darts
Armour
 c - a +0 pair of boots (worn)
 h - an orb of light
 n - the +2 hood of the Assassin (worn) {Detect Stab+ Stlth++}
   (You found it on level 11 of the Dungeon)

   Detect:    It allows the wearer to sense nearby creatures.
   Stab+:     It allows the wearer to make particularly effective stabbing
   attacks against helpless or unaware enemies with any weapon.
   Stlth++:   It makes you much more stealthy.
 r - the +3 leather armour of Truth (worn) {+Blink +Inv Int-3 Dex+6}
   (You found it on level 2 of the Dungeon)

   Int-3:     It affects your intelligence (-3).
   Dex+6:     It affects your dexterity (+6).
   +Inv:      It lets you turn invisible.
   +Blink:    It lets you blink.
Jewellery
 e - a ring of protection from cold
 i - a ring of see invisible
 m - a +6 ring of intelligence (right hand)
 t - a ring of protection from fire
 w - an amulet of reflection (around neck)
 A - a ring of willpower
 B - a +4 ring of protection (left hand)
 C - a ring of flight
 Q - a +5 ring of evasion
Wands
 k - a wand of light (6)
 l - a wand of paralysis (6)
 E - a wand of iceblast (24)
 O - a wand of polymorph (13)
 T - a wand of digging (5)
 U - a wand of mindburst (9)
 V - a wand of flame (13)
Scrolls
 o - a scroll of acquirement {unknown}
 q - 2 scrolls of fear
 s - 4 scrolls of teleportation
 v - 3 scrolls of poison
 x - a scroll of enchant weapon
 y - a scroll of identify
 L - 4 scrolls of blinking
 M - a scroll of brand weapon {unknown}
Potions
 g - a potion of ambrosia {!e}
 j - 2 potions of resistance
 p - 4 potions of enlightenment
 u - a potion of haste
 z - 4 potions of brilliance
 F - a potion of cancellation
 G - 5 potions of might
 I - a potion of curing
 K - 3 potions of heal wounds
Miscellaneous
 W - a condenser vane
 X - a phantom mirror
 Y - a phial of floods (inert)


   Skills:
 - Level 1.0 Fighting
 - Level 1.0 Armour
 - Level 1.6 Dodging
 - Level 4.2 Stealth
 + Level 11.8 Spellcasting
 + Level 14.5 Conjurations
 - Level 0.8 Transmutations
 - Level 10.0 Earth Magic
 + Level 12.3 Evocations


You had 10 spell levels left.
You knew the following spells:

 Your Spells              Type           Power      Damage    Failure   Level
a - Sandblast             Erth           100%       2d20      1%          1
b - Blink                 Tloc           26%        N/A       10%         2
c - Iskenderun's Mystic   Conj/Tloc      45%        2d10      1%          4
i - Irradiate             Conj/Tmut      23%        3d19      1%          5
o - Arcjolt               Conj/Air       22%        1d32      2%          5
u - Brom's Barrelling Bo  Conj/Erth      61%        2d8       1%          4
x - Stone Arrow           Conj/Erth      100%       3d13      1%          3
y - Passwall              Tmut/Erth      30%        N/A       1%          2

Your spell library contained the following spells:

 Spells                   Type           Power      Damage    Failure   Level
 Eringya's Noxious Bog    Tmut/Pois      7%         4d6       86%         6
 Momentum Strike          Conj/Tloc      90%        3d10      1%          2
 Dazzling Flash           Conj/Hex       90%        N/A       1%          3
 Hailstorm                Conj/Ice       45%        3d10      1%          3
 Volatile Blastmotes      Fire/Tloc      26%        2d12      5%          3
 Wereblood                Tmut           16%        N/A       7%          2
 Petrify                  Tmut/Erth      36%        N/A       7%          4
 Lesser Beckoning         Tloc           26%        N/A       10%         2
 Starburst                Conj/Fire      22%        6d8       13%         6
 Summon Ice Beast         Ice/Summ       13%        N/A       52%         4
 Vhi's Electric Charge    Tloc/Air       26%        N/A       52%         4
 Simulacrum               Ice/Necr       6%         N/A       100%        6
 Summon Hydra             Summ           6%         N/A       100%        7
 Maxwell's Capacitive Co  Air            6%         ∞         100%        8
 Sublimation of Blood     Necr           Unusable   N/A       N/A         2

Dungeon Overview and Level Annotations

Branches:
Dungeon (12/15)            Temple (0/1) D:5            Lair (4/5) D:10
    Orc (2/2) D:9             Elf (0/3) Orc:2       Ossuary (visited)
 Bailey (visited)         Gauntlet (visited)
  Swamp: Lair:2-3    Shoals: Lair:2-3     Snake: Lair:2-3    Spider: Lair:2-3
  Slime: Lair:4-5

Altars:
Cheibriados
Makhleb
Sif Muna
Vehumet

Shops:
D:1 *   D:2 *   D:5 [   D:11 *   Orc:2 *(=*?*?[*

Annotations:
Lair:2 3 runed translucent doors, Xavori's ghost, journeyman VSCK
Orc:2 2 transporters, relicbr's ghost, journeyman KoFi


Innate Abilities, Weirdness & Mutations

You are immune to sickness and miasma.
Your stone body is resilient. (AC +10)
You are immune to poison.
Your large and strong wings let you fly.
You resist negative energy. (rN+)
You are resistant to electric shocks. (rElec)
You are resistant to unholy torment.
You are immune to petrification.


Message History

The boulder beetle leaps!
Casting: Stone Arrow (safe; 1% risk of failure)
Confirm with . or Enter, or press ? or * to list all spells.
Aiming: Stone Arrow (safe; 1% risk of failure)
Press: ? - help, Shift-Dir - straight line, f/p - boulder beetle
Aim: a boulder beetle (translocational energy, lightly wounded, 100% to hit)
The stone arrow hits the boulder beetle but does no damage.
The boulder beetle is lightly wounded.
The boulder beetle curls into a ball and begins rolling!
You feel ready to blink again.
Casting: Stone Arrow (safe; 1% risk of failure)
Confirm with . or Enter, or press ? or * to list all spells.
Aiming: Stone Arrow (safe; 1% risk of failure)
Press: ? - help, Shift-Dir - straight line, f/p - boulder beetle
Aim: a boulder beetle (lightly wounded, rolling, 100% to hit)
The stone arrow hits the boulder beetle!
The boulder beetle is moderately wounded.
The boulder beetle hits you!!
* * * LOW HITPOINT WARNING * * *
The boulder beetle stops rolling and uncurls.
You blink.
Okay, then.
Casting: Stone Arrow (safe; 1% risk of failure)
Confirm with . or Enter, or press ? or * to list all spells.
Aiming: Stone Arrow (safe; 1% risk of failure)
Press: ? - help, Shift-Dir - straight line, f/p - boulder beetle
Aim: a boulder beetle (moderately wounded, 100% to hit)
The stone arrow hits the boulder beetle!!
The boulder beetle is heavily wounded.
The boulder beetle curls into a ball and begins rolling!
Casting: Stone Arrow (safe; 1% risk of failure)
Confirm with . or Enter, or press ? or * to list all spells.
Aiming: Stone Arrow (safe; 1% risk of failure)
Press: ? - help, Shift-Dir - straight line, f/p - boulder beetle
Aim: a boulder beetle (heavily wounded, rolling, 100% to hit)
The stone arrow hits the boulder beetle!
The boulder beetle is severely wounded.
The boulder beetle hits you!!!
Ouch! That really hurt!
You die...

#.....# ##..####
#..## ###P.#.##
.......#.##
P##.#.###.########
##..##P........
##....B##.....
###..○#@#.###.
#...°.....# ## #
##.#°..##### ..
#####
#...#.###.##.#
###.##....
##.##.....°°.#
#......~~≈
#[.#.##.P##.#
......~~≈≈ #..#.#
## .....≈~~≈≈
#..P.# #.P≈≈≈≈≈
#....# #.#~≈~~~


You could see a boulder beetle (rolling).

Vanquished Creatures
  A minotaur (Gauntlet)
  An ogre mage (Orc:1)
  A death scarab (Gauntlet)
  2 boulder beetles
  A death knight (D:11)
  9 two-headed ogres
  7 death yaks
  A spectral catoblepas (Gauntlet)
  4 orc knights (Orc:2)
  4 cyclopes
  3 manticores
  5 elephants
  A black mamba (Lair:1)
  A smoke demon (Gauntlet)
  2 gargoyles
  A cane toad (Lair:3)
  A kobold demonologist (D:10)
  A yaktaur (D:11)
  Psyche (D:12)
  2 rime drakes (Lair:1)
  An unseen horror (D:11)
  A tengu conjurer (D:11)
  A red devil (Gauntlet)
  3 trolls
  3 polar bears
  3 hornets
  4 blink frogs (Lair:1)
  6 shadows
  3 slime creatures
  3 wyverns
  A vampire (D:10)
  A basilisk (Lair:1)
  2 steam dragons
  19 yaks
  3 vampire mosquitoes (D:10)
  5 wargs
  2 acid dragons
  7 water moccasins
  A sky beast (D:8)
  2 black bears
  34 orc warriors
  4 ogres
  4 centaurs
  6 wolves
  A kobold brigand (D:7)
  Blork the orc (D:4)
  An elf zombie (Ossuary)
  6 bullfrogs
  A gnoll sergeant (D:8)
  2 elf skeletons (D:5)
  9 wights
  A killer bee (D:8)
  7 howler monkeys (D:9)
  4 crimson imps (Gauntlet)
  2 centaur zombies (Ossuary)
  16 orc priests
  A gnoll bouda (D:9)
  2 hounds (D:6)
  3 jellies
  2 human skeletons (D:5)
  5 iguanas
  3 sleepcaps
  27 orc wizards
  A hell rat (D:10)
  2 mummies (Ossuary)
  11 gnolls
  An adder (D:2)
  2 river rats (D:10)
  2 shadow imps (D:6)
  3 white imps
  2 ufetubi
  4 worms
  2 dart slugs
  100 orcs
  4 ball pythons
  2 bats (D:1)
  6 endoplasms
  7 giant cockroaches
  10 goblins
  5 hobgoblins
  2 jackals (D:1)
  3 quokkas
  A frilled lizard (D:3)
  3 goblin zombies (Ossuary)
  10 hobgoblin zombies (Ossuary)
  A jackal zombie (Ossuary)
  9 kobolds
  11 kobold zombies (Ossuary)
  An orc skeleton (D:5)
  9 orc zombies
  14 rats
  A rat zombie (Ossuary)
491 creatures vanquished.

Vanquished Creatures (collateral kills)
  A boulder (Orc:1)
1 creature vanquished.

Vanquished Creatures (others)
  6 boulders
6 creatures vanquished.

Grand Total: 498 creatures vanquished

Notes
Turn   | Place    | Note
-------+----------+-------------------------------------------
     0 | D:1      | olourkin the Gargoyle Earth Elementalist began the quest
                  | for the Orb.
     0 | D:1      | Reached XP level 1. HP: 10/10 MP: 3/3
    92 | D:1      | Found Cayk's General Store.
   230 | D:1      | Reached XP level 2. HP: 15/15 MP: 1/5
  1034 | D:1      | Reached XP level 3. HP: 19/19 MP: 4/6
  1555 | D:2      | Found a radiant altar of Vehumet.
  1562 | D:2      | Became a worshipper of Vehumet
  1848 | D:2      | Identified the +3 leather armour of Truth {+Blink +Inv
                  | Int-3 Dex+6}
  2055 | D:2      | Found Ceas's Assorted Antiques.
  2363 | D:2      | Reached XP level 4. HP: 24/24 MP: 4/7
  2366 | D:2      | Reached skill level 5 in Earth Magic
  2888 | D:3      | Reached * piety under Vehumet
  2888 | D:3      | Offered knowledge of Foxfire by Vehumet.
  3492 | D:3      | Reached XP level 5. HP: 20/28 MP: 4/9
  4203 | D:4      | Found a large runed translucent door.
  4204 | D:4      | Found a large runed translucent door.
  4753 | D:4      | Reached skill level 1 in Conjurations
  4753 | D:4      | Reached XP level 6. HP: 32/32 MP: 6/10
  4754 | D:4      | Noticed Blork the orc
  4795 | D:4      | Learned a level 2 spell: Passwall
  4919 | D:4      | Killed Blork the orc
  5199 | D:4      | Found a snail-covered altar of Cheibriados.
  5202 | D:4      | Found a shimmering blue altar of Sif Muna.
  5238 | D:5      | Entered Level 5 of the Dungeon
  5279 | D:5      | Found Foyx's Armour Boutique.
  5422 | D:5      | Reached skill level 2 in Conjurations
  5436 | D:5      | Reached XP level 7. HP: 36/36 MP: 11/11
  5449 | D:5      | Reached skill level 1 in Evocations
  5455 | D:5      | Found a sand-covered staircase.
  5463 | Ossuary  | Entered an ossuary
  5496 | Ossuary  | Reached ** piety under Vehumet
  5496 | Ossuary  | Offered knowledge of Freeze by Vehumet.
  5798 | D:5      | Reached skill level 3 in Conjurations
  5929 | D:5      | Offered knowledge of Ignite Poison by Vehumet.
  6025 | D:5      | Found a staircase to the Ecumenical Temple.
  6034 | D:5      | Reached XP level 8. HP: 41/41 MP: 8/12
  6533 | D:6      | Reached skill level 4 in Conjurations
  6540 | D:6      | Learned a level 3 spell: Stone Arrow
  6779 | D:6      | Reached *** piety under Vehumet
  7082 | D:7      | Reached skill level 10 in Earth Magic
  7105 | D:7      | Offered knowledge of Olgreb's Toxic Radiance by Vehumet.
  7107 | D:7      | Reached skill level 5 in Conjurations
  7108 | D:7      | Reached XP level 9. HP: 45/45 MP: 10/13
  7600 | D:7      | Reached skill level 6 in Conjurations
  7600 | D:7      | Reached skill level 5 in Evocations
  7600 | D:7      | Upgraded the game from 0.31-a0-851-g7ff8af7976 to
                  | 0.31-a0-859-g9dce7d3444
  7642 | D:8      | Learned a level 4 spell: Brom's Barrelling Boulder
  7698 | D:8      | Found a flagged portal.
  7737 | Bailey   | Entered a bailey
  7787 | Bailey   | Upgraded the game from 0.31-a0-859-g9dce7d3444 to
                  | 0.31-a0-965-g8a8ce12e04
  8154 | D:8      | Reached **** piety under Vehumet
  8489 | D:8      | Reached skill level 1 in Fighting
  8489 | D:8      | Reached skill level 1 in Armour
  8649 | D:8      | Noticed a two-headed ogre
  8927 | D:8      | Noticed a gargoyle
  9118 | D:8      | Killed a gargoyle
  9147 | D:8      | Killed a two-headed ogre
  9148 | D:8      | Reached skill level 7 in Conjurations
  9218 | D:7      | Reached XP level 10. HP: 30/52 MP: 13/16
  9382 | D:8      | Noticed a two-headed ogre
  9385 | D:8      | Killed a two-headed ogre
  9386 | D:8      | Reached skill level 5 in Spellcasting
  9386 | D:8      | Reached skill level 8 in Conjurations
 10313 | D:9      | Offered knowledge of Inner Flame by Vehumet.
 10536 | D:9      | Found a staircase to the Orcish Mines.
 10911 | D:9      | Reached skill level 9 in Conjurations
 11441 | Orc:1    | Entered Level 1 of the Orcish Mines
 11459 | D:9      | Learned a level 5 spell: Irradiate
 11485 | D:10     | Entered Level 10 of the Dungeon
 11489 | D:10     | Reached XP level 11. HP: 31/56 MP: 12/21
 12225 | D:10     | Noticed a death yak
 12442 | D:10     | Noticed a death yak
 12591 | D:10     | Noticed a sun demon
 12655 | D:10     | Noticed a death yak
 12938 | D:11     | Reached skill level 10 in Conjurations
 13002 | D:11     | Noticed a manticore
 13011 | D:11     | Killed a manticore
 13100 | D:11     | Found the +2 hood of the Assassin {Detect Stab+ Stlth++}
 13284 | D:11     | Noticed a cyclops
 13481 | D:11     | Noticed a two-headed ogre
 13488 | D:11     | Noticed a cyclops
 13593 | D:11     | Found Ceodawel's Assorted Antiques.
 13643 | D:10     | Killed a death yak
 13831 | D:1      | Bought an amulet of reflection for 420 gold pieces
 14023 | D:11     | Noticed a death knight
 14025 | D:11     | Noticed a manticore
 14029 | D:11     | Killed a manticore
 14154 | D:11     | Killed a cyclops
 14250 | D:11     | Killed a two-headed ogre
 14410 | D:10     | Found a staircase to the Lair.
 14548 | D:9      | Reached ***** piety under Vehumet
 14548 | D:9      | Offered knowledge of Conjure Ball Lightning by Vehumet.
 14646 | D:9      | Reached skill level 11 in Conjurations
 14825 | Orc:1    | Noticed a two-headed ogre
 14825 | Orc:1    | Noticed a two-headed ogre
 14829 | Orc:1    | Noticed a two-headed ogre
 14832 | Orc:1    | Noticed a two-headed ogre
 14835 | Orc:1    | Noticed an ogre mage
 14837 | Orc:1    | Killed a two-headed ogre
 14838 | Orc:1    | Reached XP level 12. HP: 60/60 MP: 9/24
 14847 | D:9      | Killed a two-headed ogre
 14957 | Orc:1    | Killed an ogre mage
 14963 | D:9      | Killed a two-headed ogre
 15059 | D:9      | Killed a two-headed ogre
 15134 | D:9      | Learned a level 5 spell: Arcjolt
 15252 | Orc:2    | Entered Level 2 of the Orcish Mines
 15252 | Orc:2    | Found Duezin's Assorted Antiques.
 15343 | Orc:2    | Noticed a two-headed ogre
 15351 | Orc:2    | Killed a two-headed ogre
 15414 | Orc:2    | Found Arizy's Antique Armour Shop.
 15572 | Orc:2    | Reached skill level 10 in Evocations
 15677 | Orc:2    | Reached skill level 12 in Conjurations
 16291 | Orc:2    | Found Rilledgh's Magic Scroll Shop.
 16405 | Orc:2    | Found Cunasac's General Store.
 16803 | Orc:2    | Offered knowledge of Iskenderun's Mystic Blast by Vehumet.
 16857 | Orc:2    | Found Migoeschi's General Store.
 16942 | Orc:2    | Found a staircase to the Elven Halls.
 17229 | Orc:2    | Found Ythuex's Magic Scroll Shop.
 17229 | Orc:2    | Found Liorph's General Store.
 17280 | Orc:2    | Found Edudoedd's Jewellery Shop.
 17280 | Orc:2    | Found Noetway's Weapon Emporium.
 17301 | Orc:2    | Learned a level 4 spell: Iskenderun's Mystic Blast
 17369 | Orc:2    | Found a transporter.
 17372 | Orc:2    | Noticed a two-headed ogre
 17378 | Orc:2    | Reached skill level 10 in Spellcasting
 17378 | Orc:2    | Identified the +5 giant spiked club of Coshesed {heavy,
                  | Dex+3}
 17378 | Orc:2    | Noticed a two-headed ogre
 17379 | Orc:2    | Noticed relicbr's ghost (journeyman KoFi)
 17380 | Orc:2    | Noticed a two-headed ogre
 17381 | Orc:2    | Noticed a two-headed ogre
 17389 | Orc:2    | Noticed a two-headed ogre
 17422 | Orc:2    | Found a transporter.
 17532 | Orc:2    | Noticed a boulder beetle
 17703 | Orc:1    | Found a burning altar of Makhleb.
 18210 | Orc:2    | Killed a boulder beetle
 18211 | Orc:2    | Reached XP level 13. HP: 64/64 MP: 9/27
 18600 | D:11     | Reached skill level 13 in Conjurations
 18999 | Lair:1   | Entered Level 1 of the Lair of Beasts
 19075 | Lair:1   | Found a gate leading to a gauntlet.
 19093 | Gauntlet | Entered a Gauntlet
 19093 | Gauntlet | Found a large runed translucent door.
 19093 | Gauntlet | Found a large runed translucent door.
 19093 | Gauntlet | Found a large runed translucent door.
 19093 | Gauntlet | Found a large runed translucent door.
 19093 | Gauntlet | Found a runed translucent door.
 19093 | Gauntlet | Found a large runed translucent door.
 19093 | Gauntlet | Found a large runed translucent door.
 19093 | Gauntlet | Found a transporter.
 19093 | Gauntlet | Found a transporter.
 19093 | Gauntlet | Found a large runed translucent door.
 19093 | Gauntlet | Found a large runed translucent door.
 19093 | Gauntlet | Found a runed translucent gate.
 19093 | Gauntlet | Found a runed translucent gate.
 19093 | Gauntlet | Found a transporter.
 19200 | Gauntlet | Found a runed translucent door.
 19201 | Gauntlet | Found a large runed translucent door.
 19201 | Gauntlet | Found a large runed translucent door.
 19201 | Gauntlet | Found a large runed translucent door.
 19201 | Gauntlet | Found a large runed translucent door.
 19202 | Gauntlet | Found a large runed translucent door.
 19202 | Gauntlet | Found a large runed translucent door.
 19203 | Gauntlet | Found a large runed translucent door.
 19207 | Gauntlet | Found a transporter.
 19218 | Gauntlet | Found a transporter.
 19234 | Gauntlet | Found a transporter.
 19246 | Gauntlet | Found a transporter.
 19259 | Gauntlet | Found a transporter.
 19265 | Gauntlet | Found a transporter.
 19275 | Gauntlet | Noticed an entropy weaver
 19279 | Gauntlet | Found a transporter.
 19299 | Gauntlet | Found a transporter.
 19301 | Gauntlet | Found a transporter.
 19338 | Gauntlet | Found a runed translucent gate.
 19351 | Gauntlet | Found a large runed translucent door.
 19797 | Gauntlet | Noticed a minotaur
 19813 | Gauntlet | Killed a minotaur
 20548 | Lair:1   | Identified the +1 rapier of the Water Diviner {heavy, Will+
                  | Str+2 Int+3}
 21528 | D:11     | Reached skill level 14 in Conjurations
 21662 | D:11     | Upgraded the game from 0.31-a0-965-g8a8ce12e04 to
                  | 0.31-a0-968-g24f9ace8b5
 21876 | D:12     | Noticed Psyche
 21884 | D:12     | Killed Psyche
 22597 | Lair:1   | Identified the +6 war axe "Pananenn" {pain, rF+ Str+3
                  | Stlth+}
 22643 | Lair:2   | Found a runed translucent gate.
 22711 | Lair:1   | Gained mutation: Your large and strong wings let you fly.
                  | [Gargoyle growth]
 22711 | Lair:1   | Reached XP level 14. HP: 43/70 MP: 14/29
 22801 | Lair:1   | Learned a level 2 spell: Blink
 22833 | Lair:2   | You are sucked into a shaft and drop 2 floors!
 23231 | Lair:1   | Offered knowledge of Eringya's Noxious Bog by Vehumet.
 23566 | Lair:2   | Found a runed translucent gate.
 23568 | Lair:2   | Found a runed translucent gate.
 23597 | Lair:2   | Noticed Xavori's ghost (journeyman VSCK)
 23694 | Lair:2   | Mangled by a boulder beetle

Illustrated notes

Levels and vault maps discovered:
D:1:      tarquinn_simple_flora_water_a, layout_basic, serial_shops,
          nicolae_shop_behind_doors, moated_statue
D:2:      layout_basic, serial_shops, shop, basic_altar, minmay_octomino_e4
D:3:      layout_loops_ring, minmay_misc_feat_alley, nicolae_hexahallways,
          minmay_misc_feat_hallway
D:4:      layout_cave_pools, jmf_multi_god_temple2, minivault_23,
          kennysheep_generic_room_6, uniq_blork_the_orc
D:5:      layout_rooms, minmay_temple_entry_ruins,
          nicolae_ossuary_entry_catacombs, serial_shops,
          nicolae_shop_tiny_waterfront, nicolae_kite_square_tiling_tiny,
          item_on_display_a
D:6:      layout_basic
D:7:      layout_rooms
D:8:      layout_basic, enter_bailey_3, minmay_checkerbox
D:9:      layout_roguey, erik_orc_4
D:10:     layout_basic, dpeg_lair_monsters
D:11:     minmay_chambers_of_sixes, layout_cave_pools, serial_shops,
          nicolae_stop_n_shop_1, grunt_decor_one_mirror
D:12:     layout_basic, uniq_psyche
Lair:1:   layout_cave_pods, gauntlet_entry_generic, portal_ice_cave_rime,
          st_stairs_7
Lair:2:   layout_loops_ring, minmay_swamp_entry_eels, dummy_spider_entry,
          gammafunk_ghost_hydra_chop, eino_small_chamber_without_monster,
          grunt_megastairs_2, infiniplex_staircase_pool
Lair:3:   layout_loops_ring, lemuel_fruit_tree
Lair:4:   nzn_winding_woodlands_large [nzn_winding_woodlands_5x5_open_star,
          nzn_winding_woodlands_5x15_split_checker,
          nzn_winding_woodlands_5x5_three, nzn_winding_woodlands_center_lodge,
          nzn_winding_woodlands_15x15_five_gardens,
          nzn_winding_woodlands_center_diamonds,
          nzn_winding_woodlands_5x5_default,
          nzn_winding_woodlands_5x15_longhouse,
          nzn_winding_woodlands_5x5_default], layout_regular_city,
          kennysheep_abandoned_house
Orc:1:    layout_caves, bloody_makhleb
Orc:2:    st_orc_town, layout_diamond_mine, serial_shops, shop, shop,
          nicolae_shop_hallway_stairs, shop, nicolae_shop_statue_plus,
          gammafunk_ghost_smash, rock_pile

Skill      XL: |  1  2  3  4  5  6  7  8  9 10 11 12 13 |
---------------+----------------------------------------+-----
Earth Magic    | 4 5 6 7 8 10 | 10.0
Stealth        | 3 4 |  4.2
Spellcasting   | 3 4 6 8 10 11 | 11.8
Conjurations   | 1 2 3 5 7 9 11 12 14 | 14.5
Evocations     | 2 4 6 7 9 10 12 | 12.3
Fighting       | 1 |  1.0
Armour         | 1 |  1.0
Dodging        | |  1.6
Transmutations | |  0.8

Action                     |  1- 3 |  4- 6 |  7- 9 | 10-12 | 13-15 || total
---------------------------+-------+-------+-------+-------+-------++-------
  Melee: Club              |    18 |       |       |       |       ||    18
         Whip              |       |       |       |   238 |   153 ||   391
         Punch             |       |       |       |     1 |     6 ||     7
   Fire: Sling             |     3 |    98 |   192 |   185 |    21 ||   499
  Throw: Stone             |     2 |       |     2 |       |     1 ||     5
   Cast: Sandblast         |    45 |    62 |    78 |       |       ||   185
         Stone Arrow       |       |       |    24 |   248 |   143 ||   415
         Brom's Barrelling |       |       |     4 |     6 |     1 ||    11
         Irradiate         |       |       |       |    11 |     9 ||    20
         Arcjolt           |       |       |       |     7 |    16 ||    23
         Iskenderun's Myst |       |       |       |     1 |     2 ||     3
         Passwall          |       |       |       |       |     1 ||     1
Ability: Evoke Blink       |       |       |     2 |     2 |    12 ||    16
         Evoke Invisibilit |       |       |       |       |     1 ||     1
  Evoke: Wand              |       |       |     2 |       |       ||     2
         Phial of floods   |       |       |       |       |     1 ||     1
    Use: Scroll            |       |       |    16 |     3 |     7 ||    26
         Potion            |       |       |     1 |       |     6 ||     7
   Stab: Sleeping          |     1 |       |       |     1 |       ||     2
 Armour: Robe              |    24 |       |       |       |       ||    24
         Leather armour    |     1 |    50 |   150 |   274 |   207 ||   682
  Dodge: Dodged            |    23 |    34 |    99 |   192 |   108 ||   456
  Block: Other             |       |       |       |    60 |    54 ||   114
         Reflection        |       |       |       |     4 |     2 ||     6

Table legend: (Time is in decaauts)
 A = Elapsed time spent in this place.
 B = Non-inter-level travel time spent in this place.
 C = Inter-level travel time spent in this place.
 D = Time resting spent in this place.
 E = Time spent auto-exploring this place.
 F = Levels seen in this place.
 G = Mean time per level.
                   A        B        C        D        E       F      G
               +--------+--------+--------+--------+--------+-----+--------+
         Total |  24036 |  22287 |   1749 |   8534 |   7282 |  21 | 1144.6 |
       Dungeon |  16954 |  15391 |   1563 |   5995 |   5403 |  12 | 1412.8 |
          Lair |   2275 |   2170 |    105 |    715 |    937 |   4 |  568.8 |
  Orcish Mines |   3441 |   3360 |     81 |   1361 |    781 |   2 | 1720.5 |
       Ossuary |    359 |    359 |      0 |     18 |    143 |   1 |  359.0 |
        Bailey |     67 |     67 |      0 |      5 |      0 |   1 |   67.0 |
      Gauntlet |    938 |    938 |      0 |    438 |     18 |   1 |  938.0 |
               +--------+--------+--------+--------+--------+-----+--------+

Top non-repeatable levels by time:
   Orc:2: 2348 daAuts
    D:10: 2277 daAuts
     D:8: 2024 daAuts
     D:9: 1973 daAuts
    D:11: 1808 daAuts
  Lair:1: 1692 daAuts
     D:1: 1657 daAuts
     D:3: 1487 daAuts
     D:7: 1476 daAuts
     D:2: 1278 daAuts
   Orc:1: 1093 daAuts
     D:4: 980 daAuts
     D:5: 961 daAuts
Gauntlet: 938 daAuts
     D:6: 538 daAuts
